 Dungeon Crawl Stone Soup version 0.21.0-25-ge575cb9ce8 (webtiles) character file.

85 Svkov the Sneak (level 4, 0/21 HPs)
             Began as a Spriggan Enchanter on Jan 24, 2018.
             Slain by Artagas's ghost (8 damage)
             ... on level 3 of the Dungeon.
             The game lasted 00:04:32 (2145 turns).

Svkov the Sneak (Spriggan Enchanter)                Turns: 2145, Time: 00:04:33

Health: 0/21       AC:  3    Str:  4    XL:     4   Next: 25%
Magic:  1/9        EV: 18    Int: 17    God:
Gold:   144        SH:  0    Dex: 16    Spells: 2/8 levels left

rFire    . . .     SeeInvis +   a - +1 dagger
rCold    . . .     Gourm    .   (shield restricted)
rNeg     . . .     Faith    .   b - +0 robe
rPois    .         Spirit   .   (helmet restricted)
rElec    .         Reflect  .   q - +0 cloak
rCorr    .         Harm     .   (gloves unavailable)
MR       .....                  (boots unavailable)
Stlth    ++++......             (no amulet)
HPRegen  0.07/turn              (no ring)
MPRegen  0.11/turn              (no ring)

@: very quick
A: very small, unfitting armour, see invisible, herbivore, speed 3, slow
metabolism 2
a: no special abilities


You were on level 3 of the Dungeon.
You were not hungry.

You visited 1 branch of the dungeon, and saw 3 of its levels.

You collected 144 gold pieces.

Inventory:

Hand Weapons
 a - a +1 dagger (weapon)
Armour
 b - a +0 robe (worn)
 q - a +0 cloak (worn)
Scrolls
 e - a scroll of fear {unknown}
 f - a scroll of blinking {unknown}
 h - 3 scrolls of remove curse {unknown}
 i - 2 scrolls of teleportation {unknown}
 k - a scroll of magic mapping {unknown}
 m - a scroll of fog {unknown}
 n - 3 scrolls of identify {unknown}
 r - a scroll of noise {unknown}
Potions
 g - 2 potions of curing {unknown}
 j - a potion of resistance {unknown}
 l - a potion of lignification {unknown}
 o - a potion of haste {unknown}
 p - a potion of berserk rage {unknown}
Books
 c - a book of Maledictions

   Spells                             Type                      Level
   a - Corona                         Hexes                        1
   b - Ensorcelled Hibernation        Hexes/Ice                    2
   c - Confuse                        Hexes                        3
   d - Tukima's Dance                 Hexes                        3
   e - Dazzling Spray                 Conjuration/Hexes            3
Comestibles
 d - 3 rations


   Skills:
 - Level 1.1 Short Blades
 - Level 3.0 Dodging
 + Level 7.9 Stealth
 - Level 2.6 Spellcasting
 - Level 3.6 Hexes


You had 2 spell levels left.
You knew the following spells:

 Your Spells              Type           Power        Failure   Level  Hunger
a - Corona                Hex            ##.....      4%          1    #......
b - Ensorcelled Hibernat  Hex/Ice        #.....       13%         2    ##.....
c - Confuse               Hex            ##......     12%         3    ###....


Dungeon Overview and Level Annotations

Branches:
Dungeon (3/15)

Altars:
Dithmenos
Elyvilon
Fedhas

Annotations:
D:3 Artagas's ghost, amateur GnSk


Innate Abilities, Weirdness & Mutations

You are very small and have problems with some larger weapons.
You are too small for most types of armour.
You have supernaturally acute eyesight. (SInv)
You are a herbivore.
You cover ground extremely quickly.
You need consume almost no food.


Message History

Confirm with . or Enter, or press ? or * to list all spells.
You don't know that spell.
Casting: Confuse
Confirm with . or Enter, or press ? or * to list all spells.
Aiming: Corona
Press: ? - help, Shift-Dir - straight line, f/p - Artagas's ghost
Aim: Artagas's ghost (almost destroyed, regenerating, chance to defeat MR: 39%) Artagas's ghost resists with significant effort.
Artagas's ghost completely misses you.
You hit Artagas's ghost.
Artagas's ghost is almost destroyed.
Artagas's ghost lets out a mournful wail.
Artagas's ghost hits you but does no damage.
You hit Artagas's ghost.
Artagas's ghost is almost destroyed.
Artagas's ghost gestures wildly while chanting.
Space distorts along a thin shroud covering Artagas's ghost's form.
Artagas's ghost's shroud bends your attack away.
Artagas's ghost hits you!
You die...

#........#.†...
##........[.....
####....)..#.....##
#######<##.#######.....#
#.....#.##.# #######
#.###......#
#.......##.#
....##.....##### ##
#.†...@.##.#
....###.##W.##.#
#..........#.#
#.###.###....#
#..........#.#
.............#.#
.##########....# #.####
###


You could see Artagas's ghost.

Vanquished Creatures
  Crazy Yiuf (D:2)
  2 adders
  An ooze (D:1)
  A leopard gecko (D:1)
  3 giant cockroaches
  3 goblins (D:1)
  3 hobgoblins
  4 jackals (D:2)
  A kobold (D:2)
  4 bats
  10 frilled lizards
  3 rats
36 creatures vanquished.

Notes
Turn   | Place    | Note
-------+----------+-------------------------------------------
     0 | D:1      | Svkov the Spriggan Enchanter began the quest for the Orb.
     0 | D:1      | Reached XP level 1. HP: 9/9 MP: 5/5
   114 | D:1      | Reached skill level 5 in Stealth
   350 | D:1      | Reached XP level 2. HP: 13/13 MP: 6/6
   480 | D:1      | Reached skill level 6 in Stealth
   974 | D:1      | Learned a level 2 spell: Ensorcelled Hibernation
  1184 | D:2      | Reached XP level 3. HP: 10/16 MP: 1/8
  1513 | D:2      | Found a white marble altar of Elyvilon.
  1546 | D:2      | Found a blossoming altar of Fedhas.
  1636 | D:2      | Reached skill level 7 in Stealth
  1836 | D:2      | Found a shadowy altar of Dithmenos.
  1979 | D:2      | Found a runed door.
  1983 | D:2      | Noticed Crazy Yiuf
  1987 | D:2      | Killed Crazy Yiuf
  1987 | D:2      | Reached XP level 4. HP: 21/21 MP: 9/9
  2091 | D:3      | Noticed Artagas's ghost (amateur GnSk)
  2116 | D:2      | Learned a level 3 spell: Confuse
  2145 | D:3      | Slain by Artagas's ghost

Skill      XL: |  1  2  3 |
---------------+----------+-----
Stealth        | 5 6 7 |  7.9
Short Blades   | |  1.1
Dodging        | |  3.0
Spellcasting   | |  2.6
Hexes          | |  3.6

Action                   |  1- 3 |  4- 6 || total
-------------------------+-------+-------++-------
Melee: Dagger            |   158 |    23 ||   181
 Cast: Corona            |     8 |     2 ||    10
       Ensorcelled Hiber |     7 |       ||     7
       Confuse           |       |     3 ||     3
 Stab: Sleeping          |    10 |     1 ||    11
       Confused          |       |     2 ||     2
Armor: Robe              |    21 |     1 ||    22
Dodge: Dodged            |   133 |    11 ||   144
